 Dungeon Crawl Stone Soup version 0.26-a0-540-g8a0c9464d7 (webtiles) character file.

Game seed: 18211815653089586040

308502 Superazbuka the Champion of Chaos (level 20, -21/196 HPs)
             Began as a Deep Dwarf Fighter on Aug 21, 2020.
             Was the Champion of Makhleb.
             Killed from afar by a halazid warlock (30 damage)
             ... with a ghostly fireball
             ... in the Desolation of Salt on Aug 22, 2020.
             The game lasted 01:38:39 (32964 turns).

Superazbuka the Champion of Chaos (DDFi)           Turns: 32964, Time: 01:38:40

Health: -21/196    AC: 34    Str: 33    XL:     20   Next: 35%
Magic:  10/10      EV:  7    Int: 13    God:    Makhleb [******]
Gold:   2105       SH: 28    Dex: 12    Spells: 19/19 levels left

rFire    + + .     SeeInvis .   c - +6 war axe of Patsop {drain, rC+}
rCold    + . .     Faith    .   W - +0 tower shield
rNeg     + . .     Spirit   .   j - +6 plate armour {rF+}
rPois    .         Reflect  +   M - +1 hat {MR+}
rElec    .         Harm     .   O - +0 cloak
rCorr    .                      Q - +0 pair of gloves
MR       ++++.                  f - +0 pair of boots of Inaction {rF+ Int+2} (curse)
Stlth    ..........             T - amulet of reflection
HPRegen  0.00/turn              y - +4 ring of protection
MPRegen  0.12/turn              x - +6 ring of strength

@: lethally poisoned (-21 -> -21), non-regenerating, drained
A: damage resistance, heal wounds, negative energy resistance 1, sense
surroundings 3, no regeneration
}: 2/15 runes: barnacled, gossamer
a: Heal Wounds, Minor Destruction, Lesser Servant of Makhleb, Major Destruction,
Greater Servant of Makhleb, Renounce Religion


You were in the Desolation of Salt.
You worshipped Makhleb.
Makhleb was exalted by your worship.
You visited 7 branches of the dungeon, and saw 36 of its levels.
You also visited: Volcano and Desolation.

You collected 4119 gold pieces.
You spent 2014 gold pieces at shops.

Inventory:

Hand Weapons
 c - the +6 war axe of Patsop (weapon) {drain, rC+}
   (You bought it in a shop on level 2 of the Orcish Mines)

   A truly terrible weapon, it drains the life of those it strikes.
   It protects you from cold.
 v - the +4 battleaxe "Werrem" {vorpal, rElec rN+ MR+ Dex-3}
   (You found it in the Desolation of Salt)

   It inflicts extra damage upon your enemies.
   It affects your dexterity (-3).
   It insulates you from electricity.
   It protects you from negative energy.
   It affects your resistance to hostile enchantments.
 X - the +6 flail "Bishom" {freeze, rElec rPois rF- rN+}
   (You found it on level 3 of the Lair of Beasts)

   It has been specially enchanted to freeze those struck by it, causing extra
   injury to most foes and up to half again as much damage against particularly
   susceptible opponents.
   It can also slow down cold-blooded creatures.
   It makes you vulnerable to fire.
   It insulates you from electricity.
   It protects you from poison.
   It protects you from negative energy.
Armour
 f - the cursed +0 pair of boots of Inaction (worn) {rF+ Int+2}
   (You found it on level 2 of the Vaults)

   It affects your intelligence (+2).
   It protects you from fire.
   It has a curse placed upon it.
 j - a +6 plate armour of fire resistance (worn)
 M - a +1 hat of magic resistance (worn)
 O - a +0 cloak (worn)
 Q - a +0 pair of gloves (worn)
 W - a +0 tower shield (worn)
Jewellery
 h - an uncursed ring of see invisible
 x - a +6 ring of strength (right hand)
 y - a +4 ring of protection (left hand)
 L - an uncursed ring of resist corrosion
 T - an amulet of reflection (around neck)
 U - an uncursed ring of fire
Wands
 b - a wand of digging (26)
 d - a wand of flame (32)
 o - a wand of paralysis (28)
 H - a wand of random effects (70)
 S - a wand of disintegration (39)
Scrolls
 a - a scroll of torment {unknown}
 e - 17 scrolls of teleportation
 g - 4 scrolls of magic mapping
 k - 7 scrolls of enchant weapon
 l - 9 scrolls of amnesia
 n - 3 scrolls of noise {unknown}
 p - 13 scrolls of remove curse
 r - 4 scrolls of fear
 s - 9 scrolls of immolation
 t - 2 scrolls of brand weapon {unknown}
 w - 2 scrolls of holy word {unknown}
 C - a scroll of vulnerability {unknown}
 E - 2 scrolls of enchant armour
 G - 3 scrolls of fog {unknown}
 I - 9 scrolls of blinking
 Y - 2 scrolls of silence {unknown}
Potions
 i - a potion of magic
 m - a potion of cancellation
 q - 3 potions of invisibility
 u - 9 potions of ambrosia
 z - 5 potions of brilliance
 A - 5 potions of haste
 B - 5 potions of resistance
 D - a potion of heal wounds
 F - 3 potions of might
 J - 4 potions of stabbing
 K - 8 potions of flight
 N - a potion of berserk rage
 P - 5 potions of curing
 R - 2 potions of degeneration
 V - a potion of lignification {unknown}
 Z - 2 potions of mutation


   Skills:
 + Level 15.9(14.5) Fighting
 + Level 18.3(16.9) Axes
 + Level 18.4(17.0) Armour
 + Level 18.4(16.9) Shields
 + Level 20.9(19.4) Invocations


You had 19 spell levels left.
You didn't know any spells.
Your spell library contained the following spells:

 Spells                   Type           Power        Failure   Level
 Animate Skeleton         Necr           #.....       98%         1
 Apportation              Tloc           #.....       98%         1
 Corona                   Hex            #......      98%         1
 Shock                    Conj/Air       #...         98%         1
 Summon Small Mammal      Summ           #...         98%         1
 Ensorcelled Hibernation  Hex/Ice        #.....       99%         2
 Poisonous Vapours        Pois/Air       #.....       99%         2
 Swiftness                Air            #.......     99%         2
 Confusing Touch          Hex            #.......     100%        3
 Conjure Flame            Conj/Fire      #.......     100%        3
 Dazzling Flash           Conj/Hex       #.....       100%        3
 Frozen Ramparts          Ice            #.....       100%        3
 Mephitic Cloud           Conj/Pois/Air  #.......     100%        3
 Portal Projectile        Hex/Tloc       #.....       100%        3
 Static Discharge         Conj/Air       #.......     100%        3
 Stone Arrow              Conj/Erth      #.....       100%        3
 Tukima's Dance           Hex            #.......     100%        3
 Airstrike                Air            #.........   100%        4
 Ice Form                 Ice/Tmut       #.......     100%        4
 Petrify                  Tmut/Erth      #.......     100%        4
 Summon Ice Beast         Ice/Summ       #.......     100%        4
 Bolt of Magma            Conj/Fire/Erth #.........   100%        5
 Iskenderun's Battlesphe  Conj           #.......     100%        5
 Lightning Bolt           Conj/Air       #.........   100%        5
 Metabolic Englaciation   Hex/Ice        #.........   100%        5
 Summon Forest            Summ/Tloc      #.........   100%        5
 Freezing Cloud           Conj/Ice/Air   #.........   100%        6
 Iron Shot                Conj/Erth      #.........   100%        6
 Ozocubu's Refrigeration  Ice            #.........   100%        6
 Simulacrum               Ice/Necr       #.........   100%        6
 Orb of Destruction       Conj           #.........   100%        7
 Spellforged Servitor     Conj/Summ      #.........   100%        7
 Disjunction              Tloc           #.........   100%        8
 Ignition                 Fire           #.........   100%        8
 Shatter                  Erth           #.........   100%        9
 Tornado                  Air            #.........   100%        9


Dungeon Overview and Level Annotations

Branches:
Dungeon (15/15)            Temple (1/1) D:7            Lair (6/6) D:9
 Shoals (4/4) Lair:4       Spider (4/4) Lair:3        Slime (0/5) Lair:6
    Orc (2/2) D:9             Elf (0/3) Orc:2        Vaults (4/5) D:13
  Crypt (0/3) Vaults:2     Depths (0/5) D:15        Volcano (visited)
Desolation (1/1)

Altars:
Ashenzari
Cheibriados
Dithmenos
Elyvilon
Fedhas
Gozag
Hepliaklqana
Kikubaaqudgha
Makhleb
Nemelex Xobeh
Okawaru
Qazlal
Ru
Sif Muna
Trog
Uskayaw
Vehumet
Wu Jian
Xom
Yredelemnul
Zin
The Shining One
Jiyva

Shops:
D:4 *   D:7 *   D:12 }   Orc:1 [   Orc:2 }?(*   Shoals:3 =   Vaults:1 [
Vaults:2 (

Portals:
Pandemonium: Orc:2

Annotations:
Lair:2 exclusion: oklob plant
Spider:2 exclusion: 2 oklob plants
Abyss:1 Azrael


Innate Abilities, Weirdness & Mutations

You are resistant to damage.
You can heal yourself by infusing magical energy.
You resist negative energy. (rN+)
You passively map a large area around you.
You do not regenerate.


Message History

You kill the ragged hierophant!
The ragged hierophant's corpse dissolves into shadows!
You hit the saltling. You closely miss the halazid warlock.
You hit the saltling but do no damage. You hit the peacekeeper.
You hit the servant of whispers. You slice the saltling!!
You block the saltling's attack.
The servant of whispers hits you but does no damage.
You block the peacekeeper's attack. x2; The peacekeeper bites you!
* * * LOW HITPOINT WARNING * * *
The peacekeeper claws you but does no damage.
The +2 battleaxe of venom hits you but does no damage.
You are more poisoned.
You block the saltling's attack. The saltling barely misses you.
The halazid warlock casts a spell at the saltling.
The saltling's animating energy erupts into ghostly fire!
The ghostly flame explodes!
The ghostly fireball engulfs the saltling.
The saltling completely resists.
The ghostly fireball engulfs you!! You partially resist.
You feel drained.
You die...

#.. , , ... ,
............### ,, , ...
............### , ... , ,
............### , , ...
............### , ,, ...
, ............### , ...
...........p8(...###, , ,
...,...........8L....###,
,, , ...
..........((@88..### ,,
...............88p...###
, ,
.....................###
.....................###
,
.....................###
,
.....................###,
.....................###
, , ,
.........8...........###,
,,,
.....................# ,
,,


You could see a ragged hierophant (summoned), a servant of whispers (summoned,
stilling wind, drained), a halazid warlock, 2 peacekeepers, 4 saltlings and 3
dancing weapons.

Vanquished Creatures
  The ghost of Xariqek the Devastator, a veteran DrVM of Vehumet (Vaults:2)
  Arachne (Spider:3)
  Rupert (Lair:4)
  Asterion (Vaults:3)
  2 krakens
  Gastronok (D:10)
  2 sphinxes
  Ilsuiw (Shoals:4)
  The ghost of Bumuvide the Severer, a journeyman DDFi of Makhleb (Spider:2)
  3 ghost moths (Spider:4)
  An imperial myrmidon (Desolation)
  Aizul (Vaults:1)
  An orc warlord (Vaults:2)
  9 emperor scorpions
  5 vault wardens
  A war gargoyle (Vaults:3)
  The ghost of Poloicuy the Lord of Darkness, a journeyman DsNe of Kikubaaqudgha (Spider:2)
  2 very ugly things (Vaults:4)
  4 stone giants
  2 ironheart preservers
  The ghost of slayr the Grappler, a journeyman NaTm of Okawaru (Lair:4)
  5 entropy weavers
  A deep elf demonologist (Vaults:1)
  A halazid warlock (Desolation)
  A spark wasp (Spider:2)
  7 merfolk javelineers
  11 merfolk impalers
  3 fire dragons
  A crystal guardian (Desolation)
  8 ogre magi
  6 yaktaur captains
  6 ragged hierophants
  4 vault guards
  3 rakshasas
  An ice dragon (Lair:4)
  4 peacekeepers (Desolation)
  2 servants of whispers (Desolation)
  5 hydras
  30 two-headed ogres
  6 centaur warriors
  Erolcha (Orc:2)
  4 death knights
  2 merfolk avatars (Shoals:4)
  3 merfolk aquamancers
  2 dancing weapons (D:13)
  A tengu warrior (D:12)
  A queen ant (shapeshifter) (D:15)
  A satyr (Shoals:4)
  6 death yaks (Lair:6)
  6 orc high priests (Orc:2)
  A deep elf knight (Vaults:3)
  6 skeletal warriors
  An infernal demonspawn (Orc:2)
  9 deep elf archers
  3 torturous demonspawn (Orc:2)
  An unseen horror (Vaults:1)
  10 sea snakes
  13 ironbrand convokers
  2 flayed ghosts
  Pikel (D:8)
  13 orc knights
  3 wizards (Vaults:3)
  A harpy (shapeshifter) (Vaults:3)
  3 deep elf magi
  A necromancer (Vaults:3)
  9 ugly things
  12 orb spiders
  39 harpies
  30 wolf spiders
  2 phantasmal warriors
  A sphinx skeleton (Vaults:3)
  7 orc sorcerers (Orc:2)
  A sphinx zombie (Vaults:3)
  8 manticores
  A human skeleton (Vaults:3)
  12 fauns
  4 cyclopes
  A black mamba (Lair:1)
  2 moths of wrath
  12 merfolk sirens
  3 guardian serpents (Desolation)
  A cane toad (shapeshifter) (D:15)
  7 water nymphs
  6 gargoyles
  5 torpor snails
  A smoke demon (Orc:2)
  12 vault sentinels
  A rust devil (Orc:2)
  An orange demon (Orc:2)
  24 cane toads
  A yaktaur (shapeshifter) (D:15)
  5 rime drakes
  30 yaktaurs
  Maggie (D:8)
  2 komodo dragons (Lair:6)
  4 freezing wraiths
  A red devil (Orc:2)
  15 demonic crawlers
  An ice devil (Orc:2)
  28 jumping spiders
  3 harpy zombies (Shoals:3)
  36 merfolk
  4 hornets
  A sphinx simulacrum (Vaults:3)
  3 tyrant leeches (Lair:6)
  4 wind drakes
  2 jumping spiders (shapeshifter)
  A meliai (shapeshifter) (Vaults:3)
  8 trolls
  4 polar bears
  14 slime creatures
  Prince Ribbit (D:9)
  21 saltlings
  17 blink frogs
  15 snapping turtles
  5 hippogriffs
  A meliai zombie (D:13)
  10 dream sheep
  2 frost giant simulacra
  3 flying skulls (Volcano)
  3 alligator skeletons (Volcano)
  A spriggan (Lair:5)
  21 tarantellas
  A yak (shapeshifter) (Vaults:1)
  3 wraiths
  78 redbacks
  A wyvern (shapeshifter) (Vaults:3)
  11 water elementals
  3 fire elementals (D:12)
  53 yaks
  A vampire (D:14)
  3 wyverns
  A neqoxec (Orc:2)
  A death yak simulacrum (Lair:4)
  11 vampire mosquitoes
  A human simulacrum (Vaults:3)
  2 acid dragons
  3 wargs
  2 soldier ants
  11 porcupines
  4 hell hounds (D:12)
  8 water moccasins
  Duvessa (D:4)
  3 black bears
  2 hydra simulacra (Lair:4)
  4 ice beasts
  3 sky beasts
  An eye of draining (D:5)
  A phantom (D:13)
  2 necrophages
  48 orc warriors
  33 ogres
  8 wolves
  13 centaurs
  7 boggarts
  A lemure (D:8)
  9 crocodiles
  A big kobold (shapeshifter) (Vaults:3)
  4 big kobolds
  2 gnoll sergeants (D:9)
  26 bullfrogs
  2 hippogriff zombies (Shoals:3)
  Dowan (D:4)
  5 scorpions
  A dream sheep simulacrum (Lair:4)
  10 wights
  9 killer bees
  A troll skeleton (Volcano)
  6 electric eels
  4 howler monkeys
  2 centaur zombies
  A bullfrog zombie (D:6)
  5 jellies
  A quasit (D:12)
  31 orc priests
  A komodo dragon simulacrum (Lair:4)
  3 hounds
  25 orc wizards
  A bullfrog skeleton (D:10)
  2 centaur skeletons
  Natasha (thrice) (D:2)
  5 iguanas
  6 worker ants
  A polar bear simulacrum (Lair:4)
  A naga skeleton (Volcano)
  2 hound skeletons
  A howler monkey zombie (D:7)
  11 gnolls
  A worker ant zombie (D:9)
  15 adders
  5 shadow imps
  A white imp (D:6)
  2 ufetubi (D:7)
  2 oozes
  6 worms
  2 leopard geckos
  97 orcs
  3 giant cockroaches
  8 goblins
  8 hobgoblins
  A jackal (D:9)
  2 quokkas
  3 ball pythons (D:2)
  5 bats
  4 frilled lizards
  23 kobolds
  5 rats
  4 fungi
  19 plants
  6 tentacles
1442 creatures vanquished.

Vanquished Creatures (others)
  An entropy weaver (Spider:2)
  A ragged hierophant (Desolation)
  A great orb of eyes (D:15)
  A hydra (D:12)
  A merfolk aquamancer (Shoals:2)
  An unseen horror (Vaults:1)
  2 ugly things
  A manticore (Shoals:4)
  A salamander (D:15)
  A centaur skeleton (D:14)
  A molten gargoyle (Desolation)
  A komodo dragon (Lair:1)
  A troll (D:15)
  A jumping spider (Spider:2)
  3 saltlings (Desolation)
  4 slime creatures
  A tarantella (Spider:3)
  A wraith (D:15)
  A basilisk (Lair:1)
  An acid dragon (D:12)
  2 soldier ants
  A hell hound (D:12)
  An orc warrior (D:11)
  A centaur (D:15)
  An ogre (D:13)
  A boggart (D:14)
  A crocodile (Lair:1)
  A big kobold (D:14)
  A wight (D:14)
  A worker ant (D:12)
  A kobold (D:1)
  10 fungi (Lair:6)
  45 plants
  12 tentacles
  A withered plant (Spider:2)
106 creatures vanquished.

Grand Total: 1548 creatures vanquished

Notes
Turn   | Place    | Note
-------+----------+-------------------------------------------
     0 | D:1      | Superazbuka the Deep Dwarf Fighter began the quest for the
                  | Orb.
     0 | D:1      | Reached XP level 1. HP: 20/20 MP: 1/1
    92 | D:1      | Reached XP level 2. HP: 27/27 MP: 2/2
   586 | D:2      | Reached XP level 3. HP: 28/34 MP: 3/3
   691 | D:2      | Reached XP level 4. HP: 33/42 MP: 4/4
   744 | D:2      | Noticed Natasha
   748 | D:2      | Killed Natasha
   835 | D:2      | Found a blossoming altar of Fedhas.
   835 | D:2      | Noticed Natasha
   845 | D:2      | Killed Natasha
   845 | D:2      | Reached XP level 5. HP: 41/49 MP: 5/5
  1131 | D:2      | Noticed Natasha
  1140 | D:2      | Killed Natasha
  1518 | D:3      | Reached XP level 6. HP: 19/57 MP: 6/6
  1780 | D:4      | Found a basalt altar of Yredelemnul.
  1793 | D:4      | Reached skill level 5 in Armour
  1793 | D:4      | Reached skill level 5 in Shields
  1907 | D:4      | Reached XP level 7. HP: 50/66 MP: 4/4
  1926 | D:4      | Noticed Dowan
  1927 | D:4      | Noticed Duvessa
  1938 | D:4      | Killed Duvessa
  1965 | D:4      | Killed Dowan
  1996 | D:4      | Found Hineg's General Store.
  2004 | D:4      | Bought a potion of curing for 42 gold pieces
  2004 | D:4      | Bought a scroll of teleportation for 42 gold pieces
  2324 | D:4      | Reached skill level 5 in Axes
  2421 | D:5      | Entered Level 5 of the Dungeon
  2458 | D:5      | Reached skill level 5 in Fighting
  2476 | D:5      | Noticed a two-headed ogre
  2633 | D:5      | Killed a two-headed ogre
  2633 | D:5      | Reached XP level 8. HP: 40/76 MP: 4/4
  3255 | D:6      | Gained mutation: You passively map the area around you.
                  | [Deep Dwarf growth]
  3255 | D:6      | Reached XP level 9. HP: 51/82 MP: 3/5
  3504 | D:6      | Found a hide-covered altar of Uskayaw.
  3671 | D:6      | Found a hide-covered altar of Uskayaw.
  4004 | D:7      | Found an opulent altar of Gozag.
  4004 | D:7      | Found Gozag's Platinum Reserve.
  4474 | D:7      | Found a staircase to the Ecumenical Temple.
  4483 | Temple   | Entered the Ecumenical Temple
  4545 | Temple   | Became a worshipper of Makhleb the Destroyer
  5283 | D:8      | Noticed Maggie
  5303 | D:8      | Killed Maggie
  5389 | D:8      | Reached XP level 10. HP: 46/94 MP: 3/3
  5666 | D:8      | Noticed Pikel
  5681 | D:8      | Killed Pikel
  6168 | D:9      | Found a stormy altar of Qazlal.
  6186 | D:8      | Reached * piety under Makhleb
  6257 | D:9      | Found an ancient bone altar of Kikubaaqudgha.
  6281 | D:9      | Found a staircase to the Lair.
  6743 | D:9      | Reached ** piety under Makhleb
  6745 | D:9      | Noticed Prince Ribbit
  6766 | D:9      | Killed Prince Ribbit
  6766 | D:9      | Reached XP level 11. HP: 85/104 MP: 4/4
  6879 | D:9      | Reached skill level 10 in Shields
  6898 | D:9      | Found a staircase to the Orcish Mines.
  6910 | D:9      | Reached skill level 10 in Armour
  7053 | D:10     | Entered Level 10 of the Dungeon
  7091 | D:10     | Reached *** piety under Makhleb
  7188 | D:10     | Reached skill level 10 in Axes
  7423 | D:10     | Noticed Gastronok
  7443 | D:10     | Killed Gastronok
  7770 | D:11     | Noticed a skeletal warrior
  7805 | D:11     | Killed a skeletal warrior
  7807 | D:11     | Noticed a death knight
  7807 | D:11     | Noticed a skeletal warrior
  7851 | D:10     | Killed a death knight
  8168 | D:11     | HP: 3/106 [skeletal warrior/cursed -3 trident[a death
                  | knight] (11)]
  8177 | D:11     | Killed a skeletal warrior
  8384 | D:11     | Reached skill level 1 in Invocations
  8434 | D:11     | Reached **** piety under Makhleb
  8551 | D:11     | Reached XP level 12. HP: 43/115 MP: 2/2
  8571 | D:11     | Reached skill level 2 in Invocations
  8705 | D:11     | HP: 2/115 [deep elf archer/arrow (18)]
  8755 | D:11     | Noticed a centaur warrior
  8775 | D:11     | Killed a centaur warrior
  8780 | D:11     | Reached skill level 3 in Invocations
  8968 | D:11     | Noticed a centaur warrior
  8969 | D:11     | Found an iron altar of Okawaru.
  8980 | D:11     | Killed a centaur warrior
  8997 | D:11     | Reached skill level 4 in Invocations
  9037 | D:11     | Got a sapphire-encrusted plate armour
  9048 | D:11     | Identified the +1 plate armour of Lethargy {*Slow rElec
                  | MP+9 Dex+10} (You found it on level 11 of the Dungeon)
  9223 | D:12     | Noticed a tengu warrior
  9236 | D:12     | Killed a tengu warrior
  9267 | D:12     | Noticed Azrael
  9284 | D:12     | Banished Azrael
  9284 | D:12     | Reached skill level 10 in Fighting
  9288 | D:12     | Reached skill level 5 in Invocations
  9404 | D:12     | Noticed a five-headed hydra
  9416 | D:12     | Banished an 11-headed hydra
  9758 | D:12     | Found Qinamako's Gadget Shoppe.
 10113 | D:13     | Reached skill level 6 in Invocations
 10160 | D:13     | Noticed a catoblepas
 10165 | D:13     | Banished a catoblepas
 10263 | D:13     | Reached XP level 13. HP: 52/124 MP: 4/4
 10439 | D:13     | Found a gate to the Vaults.
 10458 | D:13     | Reached ***** piety under Makhleb
 10738 | D:14     | Reached skill level 7 in Invocations
 10749 | D:14     | Got a crystal falchion
 10750 | D:14     | Identified the cursed +1 falchion of Fabulous Defence
                  | {flame, rElec Str+3 Int+3} (You found it on level 14 of the
                  | Dungeon)
 11352 | D:15     | Entered Level 15 of the Dungeon
 11430 | D:15     | Found a staircase to the Depths.
 11437 | D:15     | Reached skill level 8 in Invocations
 12027 | Lair:1   | Entered Level 1 of the Lair of Beasts
 12035 | Lair:1   | Got a fine ring mail
 12038 | Lair:1   | Identified the cursed +1 ring mail of Fatiy {Rampage
                  | *Corrode rN+ Str+6} (You found it on level 1 of the Lair of
                  | Beasts)
 13603 | Lair:2   | Reached skill level 9 in Invocations
 13994 | Lair:3   | Found a hole to the Spider Nest.
 14115 | Lair:3   | Got an encrusted flail
 14116 | Lair:3   | Identified the +6 flail "Bishom" {freeze, rElec rPois rF-
                  | rN+} (You found it on level 3 of the Lair of Beasts)
 14457 | Lair:3   | Gained mutation: You resist negative energy. (rN+) [Deep
                  | Dwarf growth]
 14457 | Lair:3   | Reached XP level 14. HP: 134/135 MP: 3/3
 14815 | Lair:4   | Found a runed translucent gate.
 14815 | Lair:4   | Found a runed translucent gate.
 14815 | Lair:4   | Found a runed translucent gate.
 14933 | Lair:4   | Found a staircase to the Shoals.
 15034 | Lair:4   | Noticed Rupert
 15068 | Lair:4   | Noticed slayr's ghost (journeyman NaTm)
 15075 | Lair:4   | Killed Rupert
 15725 | Lair:5   | Reached ****** piety under Makhleb
 15950 | Lair:5   | Reached skill level 10 in Invocations
 16025 | Lair:6   | Entered Level 6 of the Lair of Beasts
 16041 | Lair:6   | Found a dark tunnel.
 16073 | Volcano  | Entered a volcano
 16654 | Lair:6   | Reached skill level 11 in Invocations
 16733 | Lair:6   | Found a viscous altar of Jiyva.
 16733 | Lair:6   | Found a staircase to the Slime Pits.
 16785 | Lair:6   | Reached XP level 15. HP: 119/144 MP: 4/4
 17286 | Lair:4   | Killed slayr's ghost
 17302 | Lair:4   | Got the ring "Dyschu" {Fire}
 17304 | Lair:4   | Identified the ring "Dyschu" {Fire Int+3 Dex+2 SInv} (You
                  | found it on level 4 of the Lair of Beasts)
 17562 | Orc:1    | Entered Level 1 of the Orcish Mines
 17733 | Orc:2    | Entered Level 2 of the Orcish Mines
 17944 | Orc:2    | Reached skill level 12 in Invocations
 18117 | Orc:2    | Found Yluan's General Store.
 18118 | Orc:2    | Found Kefunuq's Magic Scroll Shop.
 18119 | Orc:2    | Noticed Erolcha
 18134 | Orc:2    | Killed Erolcha
 18195 | Orc:2    | Bought a potion of mutation for 120 gold pieces
 18197 | Orc:2    | Bought a scroll of acquirement for 780 gold pieces
 18197 | Orc:2    | Bought a scroll of blinking for 112 gold pieces
 18197 | Orc:2    | Bought a scroll of identify for 30 gold pieces
 18197 | Orc:2    | Bought a scroll of identify for 30 gold pieces
 18208 | Orc:2    | Acquired a manual of Invocations
 18535 | Orc:2    | Found a staircase to the Elven Halls.
 18750 | Orc:2    | Found Ocwicuk's Gadget Emporium.
 18750 | Orc:2    | Found Pez Paeh's Antique Weapon Shoppe.
 18750 | Orc:2    | Found a one-way gate leading to the halls of Pandemonium.
 18772 | Orc:2    | Bought a bloodstained war axe for 348 gold pieces
 18786 | Orc:2    | Identified the +6 war axe of Patsop {drain, rC+} (You
                  | bought it in a shop on level 2 of the Orcish Mines)
 18932 | Orc:1    | Found Suadd's Armour Boutique.
 19638 | Spider:1 | Entered Level 1 of the Spider Nest
 19842 | Spider:1 | Reached skill level 13 in Invocations
 20214 | Spider:1 | You fall into a shaft and drop 1 floor!
 20239 | Spider:2 | Reached XP level 16. HP: 81/154 MP: 6/6
 20266 | Spider:2 | Reached skill level 15 in Shields
 20281 | Spider:2 | Reached skill level 15 in Armour
 20668 | Spider:1 | Reached skill level 14 in Invocations
 21514 | Spider:2 | Reached skill level 15 in Axes
 22016 | Spider:2 | Found a runed translucent gate.
 22017 | Spider:2 | Found a runed translucent gate.
 22017 | Spider:2 | Found a runed translucent gate.
 22019 | Spider:2 | Noticed Bumuvide's ghost (journeyman DDFi)
 22019 | Spider:2 | Noticed Poloicuy's ghost (journeyman DsNe)
 22120 | Spider:2 | Killed Poloicuy's ghost
 22149 | Spider:2 | Killed Bumuvide's ghost
 22161 | Spider:2 | Identified the Catalogue of Unstable Orientation
 22486 | Spider:3 | Reached skill level 15 in Invocations
 22634 | Spider:3 | Noticed Arachne
 22658 | Spider:2 | HP: 3/157 [acid (8)]
 22978 | Spider:3 | Killed Arachne
 23559 | Spider:4 | Entered Level 4 of the Spider Nest
 23825 | Spider:4 | Reached XP level 17. HP: 164/164 MP: 1/7
 23877 | Spider:4 | Reached skill level 16 in Invocations
 24455 | Spider:4 | Got a gossamer rune of Zot
 24934 | Vaults:1 | Entered Level 1 of the Vaults
 24964 | Vaults:1 | Got a slimy plate armour
 24975 | Vaults:1 | Identified the +4 plate armour of Love and Death {-Cast
                  | +Inv rElec rC+} (You found it on level 1 of the Vaults)
 25025 | Vaults:1 | Reached skill level 17 in Invocations
 25040 | Vaults:1 | Noticed Aizul
 25054 | Vaults:1 | Killed Aizul
 25118 | Vaults:1 | Noticed an Ice Fiend
 25119 | Vaults:1 | Noticed a Hell Sentinel
 25137 | Vaults:1 | HP: 8/166 [Ice Fiend/bolt of cold[a deep elf demonologist]
                  | (16)]
 25139 | Vaults:1 | HP: 2/166 [Ice Fiend/bolt of cold[a deep elf demonologist]
                  | (11)]
 25474 | Vaults:1 | Found Qeicot's Armour Emporium.
 25874 | Vaults:1 | You fall into a shaft and drop 1 floor!
 26136 | Vaults:2 | Reached skill level 18 in Invocations
 26166 | Vaults:2 | Gained mutation: You passively map a large area around you.
                  | [Deep Dwarf growth]
 26166 | Vaults:2 | Reached XP level 18. HP: 175/175 MP: 8/8
 26270 | Vaults:2 | Found Feum's Antique Weapon Shop.
 26801 | Vaults:2 | Found a runed translucent gate.
 26801 | Vaults:2 | Found a runed translucent gate.
 26801 | Vaults:2 | Found a runed translucent gate.
 26802 | Vaults:2 | Identified the +4 triple sword "Opnyil" {protect, *Slow
                  | rF+++ SInv Stlth-}
 26802 | Vaults:2 | Noticed Xariqek's ghost (veteran DrVM)
 26825 | Vaults:2 | Found a staircase to the Crypt.
 26825 | Vaults:2 | Found a basalt altar of Yredelemnul.
 26826 | Vaults:2 | Found an ancient bone altar of Kikubaaqudgha.
 27010 | Vaults:2 | Found an iron altar of Okawaru.
 27096 | Vaults:2 | Killed Xariqek's ghost
 27105 | Vaults:2 | Got a pair of ichor-stained boots
 27111 | Vaults:2 | Identified the cursed +0 pair of boots of Inaction {rF+
                  | Int+2} (You found it on level 2 of the Vaults)
 27451 | Vaults:3 | Reached skill level 19 in Invocations
 27515 | Vaults:3 | Found a glowing golden altar of the Shining One.
 28320 | Vaults:3 | Noticed Asterion
 28353 | Vaults:3 | Killed Asterion
 28353 | Vaults:3 | Reached skill level 15 in Fighting
 28353 | Vaults:3 | Reached XP level 19. HP: 144/186 MP: 9/9
 28860 | Shoals:1 | Entered Level 1 of the Shoals
 29257 | Shoals:1 | Reached skill level 20 in Invocations
 30010 | Shoals:2 | You fall into a shaft and drop 1 floor!
 30010 | Shoals:3 | Found Aqereit's Jewellery Emporium.
 30043 | Shoals:3 | Bought an uncursed amulet of reflection for 510 gold pieces
 30656 | Shoals:2 | Found a white marble altar of Elyvilon.
 31050 | Shoals:4 | Entered Level 4 of the Shoals
 31395 | Shoals:4 | Noticed Ilsuiw
 31439 | Shoals:4 | Killed Ilsuiw
 31951 | Shoals:4 | Reached XP level 20. HP: 84/196 MP: 11/11
 31977 | Shoals:4 | Got a barnacled rune of Zot
 32635 | Vaults:4 | Found a ruined gateway.
 32672 | Desolati | Entered the Desolation of Salt
 32778 | Desolati | Identified the Handbook of the Big Bang
 32788 | Desolati | Got an ichor-stained battleaxe
 32796 | Desolati | Identified the +4 battleaxe "Werrem" {vorpal, rElec rN+ MR+
                  | Dex-3} (You found it in the Desolation of Salt)
 32964 | Desolati | HP: 9/196 [peacekeeper (11)]
 32964 | Desolati | Killed from afar by a halazid warlock

Illustrated notes

Levels and vault maps discovered:
D:1:      dpeg_arrival_orchard, layout_rooms, st_stairs_8, lemuel_another_geyser
D:2:      minmay_spotlight, layout_loops_cross, fedhas_altar_2, uniq_natasha
D:3:      layout_rooms
D:4:      layout_basic, yredelemnul_altar_generic, serial_shops, shop,
          uniq_duvessa
D:5:      layout_gridville
D:6:      layout_layer_cave, nicolae_overflow_hidden_temple, basic_altar
D:7:      layout_basic, nicolae_gozag_zags_fifth_avenue, temple_fountains
D:8:      layout_basic, uniq_pikel, uniq_maggie
D:9:      minmay_octagon_keep, layout_cave_pods, grunt_temple_overflow_open,
          lair_entry_dummy, kennysheep_orc_monster_closet_entryway,
          uniq_prince_ribbit1
D:10:     layout_grid_maze, uniq_gastronok
D:11:     evilmike_iron_armoury, layout_irregular_city, mrwooster_statue_mirror,
          hangedman_decor_lopped
D:12:     layout_loops_ring, serial_shops, shop, uniq_azrael
D:13:     layout_loops_cross, erik_vaults_1, chequers_serial_rivers_micro_e,
          minmay_misc_feat_iff
D:14:     layout_roguey, minmay_misc_feat_encased
D:15:     hangedman_depths_entry_try_elsewhere_first, layout_basic,
          chequers_jeans
Temple:   nicolae_temple_elliptical
Lair:1:   layout_roguey, minivault_23, minivault_26,
          grunt_forest_small_clearings
Lair:2:   layout_chaotic_city, serial_forest, infiniplex_forest_clump_small,
          infiniplex_forest_straight_5, infiniplex_forest_clump_diagonal,
          infiniplex_forest_fountain, infiniplex_forest_pool,
          infiniplex_forest_clump_C, guppyfry_lair_drakes,
          minmay_lair_oklob_chamber
Lair:3:   layout_hall_layers, spider_nest_entry_funnel_web, beast_lair_carwin_10
Lair:4:   layout_hall_layers, minmay_shoals_entry_lonely_mermaid,
          gammafunk_ghost_icy, serial_bayou_shore_a, uniq_rupert
Lair:5:   layout_roguey, grunt_forest_stairs_clearing
Lair:6:   minmay_lair_end_frog_pond, layout_concentric_octagons, slime_altar_1,
          nicolae_volcano_entry_hallway, nicolae_quartered_pool_little
Shoals:1: layout_shoals
Shoals:2: layout_shoals, lemuel_centaur_altar
Shoals:3: layout_shoals, serial_shops, shop, nicolae_shoals_undead_eyrie
Shoals:4: shoals_end_hangedman, layout_shoals, shoals_ilsuiw_alternative
Spider:1: layout_chambers, worms_lemuel
Spider:2: spider_temple_joshua, gammafunk_ghost_cemetery
Spider:3: layout_spider_delve, uniq_arachne
Spider:4: grunt_spider_rune_circles, drop_trap, einodemon_crawler_minivault
Orc:1:    layout_caves, serial_shops, shop
Orc:2:    pf_orc_diabolical, layout_diamond_mine, uniq_erolcha
Vaults:1: nicolae_vaults_back_hallway, ontoclasm_vaults_tryst,
          hangedman_vaults_impose, v_rooms_2, hangedman_vaults_restitches,
          v_misc_12, vaults_mumra_chevron, nicolae_vaults_circle_grid_a,
          vaults_mumra_hex, vaults_dpeg_ring, layout_vaults_omnicross,
          serial_shops, shop_fountains, uniq_aizul
Vaults:2: gammafunk_vaults_ghost_fury_of_okawaru, v_misc_29,
          vaults_room_large_hall, nicolae_vaults_circle_grid_a,
          hangedman_vaults_hat, minmay_crypt_entry_necro_gods,
          vaults_dpeg_encased_lava, layout_vaults_omnigrid, serial_shops, shop
Vaults:3: ontoclasm_vaults_idyll, v_misc_12, nicolae_vaults_ring_of_whatevers,
          vaults_room_door_ring, ontoclasm_vaults_ring_large, v_misc_31,
          vaults_mumra_minichess, nicolae_vaults_yaktaur_gun_rack,
          nicolae_vaults_network_s, nicolae_vaults_know_your_exits,
          hangedman_vaults_stretched_pinwheel, v_misc_29,
          ontoclasm_vaults_twist, ontoclasm_vaults_pinch, layout_vaults_ring,
          basic_altar, uniq_asterion
Vaults:4: nicolae_vaults_what_the_h, ontoclasm_vaults_loading_screen,
          v_alt_pattern_3, ontoclasm_vaults_misaligned, grunt_vaults_diagonal,
          v_misc_5, vaults_room_hangedman_quadrants,
          nicolae_vaults_little_squares_2, v_misc_32, ontoclasm_vaults_chip,
          layout_vaults_chaotic_city, portal_desolation_entry_salt,
          serial_shops, shop_fountains
Desolation

Skill      XL: |  1  2  3  4  5  6  7  8  9 10 11 12 13 14 15 16 17 18 19 |
---------------+----------------------------------------------------------+-----
Fighting       | 3 4 5 6 7 8 9 10 11 12 13 14 15 | 15.9
Axes           | 3 4 6 8 9 10 11 12 13 14 15 16 17 18 | 18.3
Armour         | 4 5 6 7 8 9 11 12 13 14 15 16 17 18 | 18.4
Shields        | 4 5 6 7 8 9 11 12 13 14 15 16 17 18 | 18.4
Invocations    | 1 6 9 11 13 15 18 19 20 | 20.9

Action                   |  1- 3 |  4- 6 |  7- 9 | 10-12 | 13-15 | 16-18 | 19-21 || total
-------------------------+-------+-------+-------+-------+-------+-------+-------++-------
Melee: War axe           |   121 |   208 |   384 |   810 |  1335 |  1583 |  1219 ||  5660
       Morningstar       |       |       |       |       |    25 |       |       ||    25
       Flail             |       |       |       |       |    26 |       |       ||    26
Invok: Major Destruction |       |       |       |       |       |     1 |       ||     1
 Abil: Heal Wounds       |     1 |     6 |    13 |    24 |    19 |    23 |     3 ||    89
Evoke: Wand              |       |       |       |       |       |     1 |       ||     1
  Use: Potion            |       |       |     1 |     9 |     1 |    13 |       ||    24
       Scroll            |       |       |       |     1 |    22 |    11 |     3 ||    37
 Stab: Distracted        |       |       |       |       |       |     2 |       ||     2
       Held in net/web   |       |       |       |       |       |     1 |       ||     1
       Confused          |       |       |       |       |       |     1 |       ||     1
Armor: Scale mail        |    55 |    50 |   131 |   142 |   517 |   154 |       ||  1049
       Chain mail        |       |       |       |   107 |       |       |       ||   107
       Plate armour      |       |       |       |       |       |   816 |   637 ||  1453
Dodge: Dodged            |    48 |   103 |   202 |   308 |   464 |   318 |   196 ||  1639
Block: Kite shield       |    77 |   139 |   232 |   494 |   933 |       |       ||  1875
       Tower shield      |       |       |       |       |   152 |  1899 |  1666 ||  3717
       Reflection        |       |       |       |       |       |       |    45 ||    45

Table legend: (Time is in decaauts)
 A = Elapsed time spent in this place.
 B = Non-inter-level travel time spent in this place.
 C = Inter-level travel time spent in this place.
 D = Time resting spent in this place.
 E = Time spent auto-exploring this place.
 F = Levels seen in this place.
 G = Mean time per level.
                   A        B        C        D        E       F      G
               +--------+--------+--------+--------+--------+-----+--------+
         Total |  32860 |  28826 |   4034 |    957 |  18467 |  38 |  864.7 |
       Dungeon |  13455 |  11464 |   1991 |    586 |   7466 |  15 |  897.0 |
        Temple |    138 |    113 |     25 |      0 |    108 |   1 |  138.0 |
          Lair |   5385 |   4366 |   1019 |    150 |   3099 |   6 |  897.5 |
        Shoals |   3301 |   3130 |    171 |      0 |   1756 |   4 |  825.2 |
   Spider Nest |   4387 |   4118 |    269 |    220 |   2564 |   4 | 1096.8 |
  Orcish Mines |   1864 |   1582 |    282 |      0 |    990 |   2 |  932.0 |
        Vaults |   3761 |   3486 |    275 |      0 |   2249 |   4 |  940.2 |
       Volcano |    311 |    311 |      0 |      0 |    163 |   1 |  311.0 |
    Desolation |    254 |    254 |      0 |      0 |     70 |   1 |  254.0 |
               +--------+--------+--------+--------+--------+-----+--------+

Top non-repeatable levels by time:
     D:9: 1677 daAuts
    D:11: 1404 daAuts
   Orc:2: 1335 daAuts
Vaults:2: 1310 daAuts
    D:10: 1259 daAuts
Vaults:3: 1254 daAuts
Spider:1: 1242 daAuts
Spider:3: 1225 daAuts
     D:7: 1223 daAuts
  Lair:1: 1129 daAuts
Vaults:1: 1127 daAuts
Spider:2: 1071 daAuts
  Lair:4: 1049 daAuts
Shoals:4: 971 daAuts
  Lair:2: 965 daAuts
